 Dungeon Crawl Stone Soup version 0.31-a0-237-g2d982f9f85 (webtiles) character file.

Game seed: 13059563193775301985

1595 qw the Skirmisher (level 8, 0/70 HPs)
             Began as a Minotaur Hexslinger on July 11, 2023.
             Slain by a lemure (6 damage)
             ... led by Pikel
             ... on level 6 of the Dungeon.
             The game lasted 00:01:49 (4781 turns).

qw the Skirmisher (Minotaur Hexslinger)             Turns: 4781, Time: 00:01:50

Health: 0/70       AC: 13    Str: 15    XL:     8   Next: 62%
Magic:  8/8        EV: 12    Int: 10    God:
Gold:   254        SH:  0    Dex: 16    Spells: 8/9 levels left

rFire   . . .        a - +4 arbalest (heavy)
rCold   . . .        (shield currently unavailable)
rNeg    . . .        f - +5 ring mail of Youthful Indiscretion {rPois Str+3}
rPois   +            (helmet restricted)
rElec   .            h - +0 cloak
rCorr   .            g - +1 pair of gloves
SInv    .            (no boots)
Will    .....        (no amulet)
Stlth   +            (no ring)
HPRegen 0.31/turn    (no ring)
MPRegen 0.11/turn

%: no passive effects
@: no status effects
A: horns 2, retaliatory headbutt
a: no special abilities


You were on level 6 of the Dungeon.
You visited 2 branches of the dungeon, and saw 7 of its levels.

You collected 313 gold pieces.
You spent 59 gold pieces at shops.


Innate Abilities, Weirdness & Mutations

You have a pair of horns on your head.
You reflexively headbutt those who attack you in melee.


   Skills:
 - Level 6.3 Fighting
 + Level 9.9 Ranged Weapons
 - Level 3.1 Armour
 - Level 3.2 Dodging
 - Level 1.0 Spellcasting
 - Level 2.0 Hexes


You had 8 spell levels left.
You knew the following spells:

 Your Spells              Type           Power      Damage    Failure   Level
a - Slow                  Hex            16%        N/A       28%         1

Your spell library contained the following spells:

 Spells                   Type           Power      Damage    Failure   Level
 Inner Flame              Hex/Fire       2%         N/A       78%         3
 Portal Projectile        Hex/Tloc       4%         N/A       78%         3
 Cause Fear               Hex            2%         N/A       96%         4

Inventory:

Hand Weapons
 a - a +4 heavy arbalest (weapon)
Armour
 f - the +5 ring mail of Youthful Indiscretion (worn) {rPois Str+3}
   (You found it on level 5 of the Dungeon)

   Str:       It affects your strength (+3).
   rPois:     It protects you from poison.
 g - a +1 pair of gloves (worn)
 h - a +0 cloak (worn)
Scrolls
 c - a scroll of noise {unknown}
 i - 3 scrolls of identify
Potions
 b - a potion of invisibility {unknown}
 d - 2 potions of enlightenment
 e - 2 potions of curing
 j - a potion of heal wounds {unknown}

Dungeon Overview and Level Annotations

Branches:
Dungeon (6/15)             Temple (1/1) D:4

Altars:
Ashenzari
Cheibriados
Elyvilon
Fedhas
Gozag
Hepliaklqana
Makhleb
Nemelex Xobeh
Ru
Sif Muna
Trog
Uskayaw
Xom
Zin
The Shining One

Shops:
D:2 (   D:3 =

Annotations:
D:2 1 runed translucent door, Crazy Yiuf
D:6 Pikel


Message History

The adder bites you but does no damage. The lemure barely misses you.
The lemure hits you. Pikel closely misses you. You furiously retaliate!
You headbutt Pikel. The adder bites you but does no damage.
You shoot a bolt. The bolt closely misses the adder.
Pikel hits you with a +2 whip of electrocution.
The lemure barely misses you. The lemure hits you but does no damage.
The adder closely misses you. The lemure barely misses you.
Pikel completely misses you. The lemure closely misses you.
You furiously retaliate!
You headbutt the lemure. The adder closely misses you. The lemure misses you.
The adder barely misses you. Pikel hits you but does no damage.
The lemure closely misses you.
You shoot a bolt. The bolt closely misses the adder.
The adder misses you. The lemure hits you but does no damage.
Pikel hits you but does no damage.
You are electrocuted!!
The lemure hits you but does no damage. The adder bites you but does no damage.
The lemure hits you. The lemure hits you but does no damage.
Pikel hits you but does no damage.
You are electrocuted!
You shoot a bolt. The bolt hits the adder!!
You kill the adder!
Pikel hits you with a +2 whip of electrocution!
The lemure hits you but does no damage. x2; The lemure barely misses you.
Pikel hits you with a +2 whip of electrocution.
The lemure hits you but does no damage.
You shoot a bolt. The bolt hits Pikel!!
Pikel is heavily wounded.
Pikel hits you with a +2 whip of electrocution.
An orc comes into view. It is wielding a +0 club.
The lemure barely misses you. The lemure hits you but does no damage.
The lemure hits you.
Pikel hits you with a +2 whip of electrocution.
You are electrocuted!
The lemure hits you.
You shoot a bolt. The bolt closely misses Pikel.
Pikel closely misses you. You furiously retaliate!
You headbutt Pikel! The lemure barely misses you. You furiously retaliate!
You headbutt the lemure! The lemure closely misses you.
The lemure hits you but does no damage. Pikel completely misses you.
The lemure closely misses you.
You shoot a bolt. The bolt hits Pikel.
Pikel is almost dead.
Pikel hits you but does no damage. The lemure hits you.
You die...

#.......##.# # ##.###.
####.#.###.# # .....#.
#..>.##># #.....
#.......# #.....
##...#### #..... #...#
##.....## #...#
#.....5K#####...#######
#@..............##
#5.................
#.#)..............##
#o##.#####...#######
#.# #.# #...# ... ..#
#...# ## ### #### #...#
#. #...# #. #. #.


You could see Pikel, 2 lemures and an orc.

Vanquished Creatures
  Grinder (D:4)
  Sigmund (D:2)
  Menkaure (D:4)
  A water moccasin (D:6)
  An orc warrior (D:6)
  2 black bears
  An ice beast (D:5)
  An ogre (D:5)
  2 lemures (D:6)
  3 scorpions (D:5)
  A jelly (D:5)
  A crimson imp (D:5)
  An orc priest (D:3)
  2 hounds (D:5)
  3 iguanas (D:4)
  An orc wizard (D:4)
  Robin (D:2)
  3 adders
  A white imp (D:5)
  A worm (D:2)
  2 dart slugs
  13 orcs
  9 ball pythons
  4 bats
  7 endoplasms
  4 giant cockroaches
  10 goblins
  5 hobgoblins
  3 jackals (D:5)
  5 quokkas
  6 frilled lizards
  10 kobolds
  9 rats
116 creatures vanquished.

Notes
Turn   | Place    | Note
-------+----------+-------------------------------------------
     0 | D:1      | qw the Minotaur Hexslinger began the quest for the Orb.
     0 | D:1      | Reached XP level 1. HP: 16/16 MP: 1/1
     0 | D:1      | 0 ||| qw: Version: 0.3-a-52-g30416fa
     0 | D:1      | 0 ||| qw: Game counter: 5607
     0 | D:1      | 0 ||| qw: Melee chars always use a shield: true
     0 | D:1      | 0 ||| qw: God list: Okawaru
     0 | D:1      | 0 ||| qw: Allow faded altars: false
     0 | D:1      | 0 ||| qw: Do Orc after clearing Dungeon:15 true
     0 | D:1      | 0 ||| qw: Do second Lair branch before Depths: true
     0 | D:1      | 0 ||| qw: Lair rune preference: random
     0 | D:1      | 0 ||| qw: Goals: Normal
     0 | D:1      | 0 ||| PLANNING D:1-11
    96 | D:1      | Reached skill level 3 in Ranged Weapons
    96 | D:1      | Reached XP level 2. HP: 19/23 MP: 2/2
   301 | D:1      | Reached XP level 3. HP: 29/29 MP: 3/3
   685 | D:1      | 685 ||| READING scroll labelled HOGGUNT ZEQE.
   686 | D:1      | 686 ||| DRINKING 2 pink potions.
   687 | D:1      | 687 ||| DRINKING 2 fizzy emerald potions.
   688 | D:1      | 688 ||| DROPPING scroll of poison.
   689 | D:1      | 689 ||| DROPPING potion of magic.
   840 | D:2      | Found a runed translucent door.
   841 | D:2      | Noticed Crazy Yiuf
   864 | D:2      | Reached skill level 4 in Ranged Weapons
   946 | D:2      | Found a faded altar of an unknown god.
  1007 | D:2      | Found Atamilami's Antique Weapon Emporium.
  1011 | D:2      | 1011 ||| BUYING orcbow (59 gold).
  1011 | D:2      | Bought an orcbow for 59 gold pieces
  1011 | D:2      | 1011 ||| SWAPPING to +0 orcbow.
  1012 | D:2      | 1012 ||| DROPPING +1 sling.
  1024 | D:2      | Noticed Robin
  1032 | D:2      | Killed Robin
  1033 | D:2      | Reached XP level 4. HP: 30/36 MP: 4/4
  1181 | D:2      | Noticed Sigmund
  1184 | D:2      | 1184 ||| FLEEEEING.
  1185 | D:2      | 1185 ||| FLEEEEING.
  1186 | D:2      | 1186 ||| FLEEEEING.
  1187 | D:2      | 1187 ||| FLEEEEING.
  1188 | D:2      | 1188 ||| FLEEEEING.
  1189 | D:2      | 1189 ||| FLEEEEING.
  1190 | D:2      | 1190 ||| FLEEEEING.
  1191 | D:2      | 1191 ||| FLEEEEING.
  1192 | D:2      | 1192 ||| FLEEEEING.
  1193 | D:2      | 1193 ||| FLEEEEING.
  1194 | D:2      | 1194 ||| FLEEEEING.
  1195 | D:2      | 1195 ||| DRINKING 2 potions of curing.
  1195 | D:2      | 1195 ||| (to cure confusion)
  1199 | D:2      | Killed Sigmund
  1200 | D:2      | Reached skill level 6 in Ranged Weapons
  1200 | D:2      | Reached XP level 5. HP: 39/41 MP: 5/5
  1474 | D:2      | 1474 ||| UPGRADING to +0 ring mail.
  1484 | D:2      | 1484 ||| DROPPING +0 robe.
  1485 | D:2      | 1485 ||| UPGRADING to +0 pair of gloves.
  1490 | D:2      | 1490 ||| READING scroll labelled COOLLI XO XADU.
  1529 | D:2      | 1529 ||| READING scroll labelled PORO BUXTYOSEH.
  1630 | D:2      | 1630 ||| READING scroll labelled MAEDUG WAPPUSI.
  1631 | D:2      | 1631 ||| DRINKING 3 purple potions.
  2052 | D:3      | 2052 ||| Stepping ~*~*~tactically~*~*~ (outnumbered).
  2098 | D:3      | Reached skill level 1 in Armour
  2198 | D:3      | Reached XP level 6. HP: 46/50 MP: 6/6
  2500 | D:3      | Found Gyssemeomm's Jewellery Emporium.
  2509 | D:3      | 2509 ||| SHOPLISTING ring of poison resistance (220 gold,
                  | have 80).
  2509 | D:3      | 2509 ||| SHOPLISTING ring of resist corrosion (220 gold,
                  | have 80).
  2509 | D:3      | 2509 ||| SHOPLISTING ring of see invisible (165 gold, have
                  | 80).
  2528 | D:3      | 2528 ||| UPGRADING to +0 cloak.
  2533 | D:3      | 2533 ||| READING scroll labelled POC OREUHER.
  2534 | D:3      | 2534 ||| READING 2 scrolls labelled DAOGAG VIHOKHE.
  2535 | D:3      | 2535 ||| READING 2 scrolls labelled GIHOECULOI.
  2536 | D:3      | 2536 ||| DROPPING scroll of revelation.
  2537 | D:3      | 2537 ||| DROPPING scroll of fog.
  2553 | D:4      | Reached skill level 3 in Fighting
  2805 | D:4      | Found a staircase to the Ecumenical Temple.
  2806 | D:4      | 2806 ||| PLANNING TEMPLE
  2853 | Temple   | Entered the Ecumenical Temple
  2922 | Temple   | 2922 ||| PLANNING D:1-11
  2947 | D:4      | Noticed Grinder
  2971 | D:4      | 2971 ||| FLEEEEING.
  2972 | D:4      | 2972 ||| FLEEEEING.
  2973 | D:4      | 2973 ||| FLEEEEING.
  2974 | D:4      | 2974 ||| FLEEEEING.
  2975 | D:4      | 2975 ||| FLEEEEING.
  2977 | D:4      | 2977 ||| FLEEEEING.
  2981 | D:4      | 2981 ||| FLEEEEING.
  2982 | D:4      | 2982 ||| FLEEEEING.
  2986 | D:4      | 2986 ||| FLEEEEING.
  3219 | D:4      | Killed Grinder
  3220 | D:4      | Reached skill level 8 in Ranged Weapons
  3220 | D:4      | Reached XP level 7. HP: 60/60 MP: 7/7
  3341 | D:4      | Noticed Menkaure
  3343 | D:4      | Killed Menkaure
  3344 | D:4      | Reached skill level 3 in Armour
  3546 | D:4      | 3546 ||| READING scroll labelled EKKEZO VOADE.
  3547 | D:4      | 3547 ||| READING 3 scrolls labelled XOFAUK QOQEENK.
  3548 | D:4      | 3548 ||| READING 4 scrolls of identify.
  3548 | D:4      | 3548 ||| IDENTIFYING smoky red potion
  3549 | D:4      | 3549 ||| DROPPING potion of ambrosia.
  3550 | D:4      | 3550 ||| DROPPING 2 scrolls of immolation.
  3578 | D:5      | Entered Level 5 of the Dungeon
  3732 | D:5      | Reached XP level 8. HP: 69/69 MP: 8/8
  3830 | D:5      | Reached skill level 9 in Ranged Weapons
  3975 | D:5      | Reached skill level 3 in Dodging
  4051 | D:5      | 4051 ||| Stepping ~*~*~tactically~*~*~ (outnumbered).
  4062 | D:5      | Reached skill level 6 in Fighting
  4372 | D:5      | Identified the +5 ring mail of Youthful Indiscretion {rPois
                  | Str+3}
  4401 | D:5      | 4401 ||| UPGRADING to +5 ring mail of Youthful Indiscretion
                  | {rPois Str+3}.
  4411 | D:5      | 4411 ||| DROPPING +0 ring mail.
  4412 | D:5      | 4412 ||| READING 2 scrolls labelled GIDES XITWIV.
  4413 | D:5      | 4413 ||| READING scroll of enchant armour.
  4413 | D:5      | 4413 ||| ENCHANTING +0 pair of gloves.
  4414 | D:5      | 4414 ||| READING scroll labelled SAATHR RULLOZA.
  4414 | D:5      | Identified a scroll of acquirement
  4414 | D:5      | 4414 ||| ACQUIRING +4 heavy arbalest
  4414 | D:5      | Acquired a +4 heavy arbalest
  4416 | D:5      | 4416 ||| SWAPPING to +4 heavy arbalest.
  4417 | D:5      | 4417 ||| DROPPING +1 orcbow.
  4595 | D:6      | Found a bloodstained altar of Trog.
  4770 | D:6      | Noticed Pikel
  4779 | D:6      | HP: 16/70 [Pikel/+2 whip of electrocution (2)]
  4779 | D:6      | HP: 5/70 [lemure[Pikel] (3)]
  4781 | D:6      | Slain by a lemure

Levels and vault maps discovered:
D:1:      shiori_arrival_elements, layout_rooms,
          nicolae_concentric_dashed_squares_mild, dreamdust_mushroom_princess,
          minmay_misc_feat_pillars
D:2:      layout_basic, shapermc_ecumenical_altar_mp_urbaneastern, serial_shops,
          shop, minmay_misc_feat_ornament, uniq_sigmund, uniq_robin,
          uniq_crazy_yiuf_cottage
D:3:      layout_loops_corners, serial_shops, shop
D:4:      layout_loops_ring, minmay_temple_entry_junction, hex_large,
          uniq_grinder, uniq_menkaure
D:5:      layout_gridville, minmay_fire_ice_demons
D:6:      layout_loops_cross, kennysheep_mini_moat, serial_shops, shop,
          uniq_pikel
Temple:   jpeg_temple_clearing

Skill      XL: |  1  2  3  4  5  6  7  8 |
---------------+-------------------------+-----
Ranged Weapons | 3 4 6 8 9 |  9.9
Fighting       | 2 4 5 6 |  6.3
Armour         | 1 3 |  3.1
Dodging        | 3 |  3.2
Spellcasting   | |  1.0
Hexes          | |  2.0

Action                     |  1- 3 |  4- 6 |  7- 9 || total
---------------------------+-------+-------+-------++-------
   Fire: Sling             |   117 |       |       ||   117
         Orcbow            |    13 |   134 |    57 ||   204
         Arbalest          |       |       |    24 ||    24
    Use: Potion            |     2 |     2 |       ||     4
         Scroll            |     1 |     6 |     6 ||    13
 Armour: Robe              |     4 |     2 |       ||     6
         Ring mail         |       |    19 |    35 ||    54
  Dodge: Dodged            |    13 |    41 |    42 ||    96

Table legend:
 A = Non-vault XP
 B = Vault XP
 C = Vault XP percentage of total XP
 D = Non-vault monster count
 E = Vault monster count
 F = Vault count percentage of total count
                 A         B        C        D         E       F
            +---------+---------+-------+---------+---------+-------
      Total |    1546 |     733 |  32.2 |     101 |      13 |  11.4
            +---------+---------+-------+---------+---------+-------
        D:1 |      52 |       0 |   0.0 |      32 |       0 |   0.0
        D:2 |      28 |     250 |  89.9 |      16 |       9 |  36.0
        D:3 |      74 |       0 |   0.0 |      17 |       0 |   0.0
        D:4 |     306 |     429 |  58.4 |      14 |       2 |  12.5
        D:5 |     759 |      54 |   6.6 |      14 |       2 |  12.5
        D:6 |     327 |       0 |   0.0 |       8 |       0 |   0.0
            +---------+---------+-------+---------+---------+-------
